 Dungeon Crawl Stone Soup version 0.28.0 (webtiles) character file.

Game seed: 12257882257917317401

82 Hasart the Skirmisher (level 4, 0/38 HPs)
             Began as a Demigod Fighter on Feb 16, 2022.
             Killed from afar by Sigmund (6 damage)
             ... with a puff of flame
             ... on level 2 of the Dungeon.
             The game lasted 00:02:36 (1951 turns).

Hasart the Skirmisher (Demigod Fighter)             Turns: 1951, Time: 00:02:36

Health: 0/38       AC:  6    Str: 21    XL:     4   Next: 1%
Magic:  6/6        EV:  9    Int: 10    God:
Gold:   45         SH:  4    Dex: 13    Spells: 3/3 levels left

rFire   . . .      SeeInvis .   a - +0 war axe
rCold   . . .      Faith    .   c - +0 buckler
rNeg    . . .      Spirit   .   b - +0 scale mail
rPois   .          Reflect  .   (no helmet)
rElec   .          Harm     .   (no cloak)
rCorr   .          Rampage  .   (no gloves)
Will    .....                   (no boots)
Stlth   ..........              (no amulet)
HPRegen 0.12/turn               (no ring)
MPRegen 0.10/turn               (no ring)

@: mighty
A: high MP 1, forlorn, divine attributes
a: no special abilities


You were on level 2 of the Dungeon.
You visited 1 branch of the dungeon, and saw 2 of its levels.

You collected 45 gold pieces.

Inventory:

Hand Weapons
 a - a +0 war axe (weapon)
Missiles
 e - 2 poisoned darts (quivered)
Armour
 b - a +0 scale mail (worn)
 c - a +0 buckler (worn)
Scrolls
 f - a scroll of vulnerability {unknown}
 g - 2 scrolls of teleportation {unknown}
 h - a scroll of identify {unknown}
 i - a scroll of silence {unknown}
Potions
 j - a potion of flight {unknown}
 k - a potion of lignification {unknown}
 l - a potion of attraction {unknown}


   Skills:
 + Level 3.1 Fighting
 * Level 2.7 Axes
 + Level 0.9 Throwing
 + Level 3.0 Armour
 + Level 1.0 Dodging
 + Level 3.0 Shields


You had 3 spell levels left.
You didn't know any spells.
Your spell library was empty.

Dungeon Overview and Level Annotations

Branches:
Dungeon (2/15)

Annotations:
D:2 Sigmund


Innate Abilities, Weirdness & Mutations

You have an increased reservoir of magic. (+10% MP)
You shall have no god before yourself.
Your divine heritage dramatically boosts your attributes as you level up.


Message History

No target in view!
No target in view!
Items here: ( )) †.
There is a stone staircase leading down here.
Found a robe.
You open the gate.
Found a robe.
There is an open gate here.
Sigmund the Dreaded comes into view.
He is wielding a +0 scythe.
Sigmund shouts!
You see here 10 gold pieces.
Found a book of Debilitation.
Sigmund casts a spell at you. The magic dart hits you!
You feel very mighty all of a sudden. Sigmund hits you with a +0 scythe!
You hit Sigmund.
Sigmund is lightly wounded.
Sigmund hits you with a +0 scythe.
You barely miss Sigmund.
Sigmund is lightly wounded.
Sigmund casts a spell at you.
You are confused.
You nearly stumble into some lava!
Sigmund gestures at you while chanting. The magic dart hits you!
* * * LOW HITPOINT WARNING * * *
Sigmund barely misses you.
You closely miss Sigmund.
Sigmund is lightly wounded.
Sigmund closely misses you.
You nearly stumble into some lava!
Sigmund barely misses you.
You're too confused to move!
Sigmund closely misses you.
You miss Sigmund.
Sigmund is lightly wounded.
You feel less confused. Sigmund gestures at you while chanting.
The puff of flame hits you.
You die...

####.#.# #...§##
##≈...#. .....#.# #...≈#
#≈...'. .....#.# #...##
##...'. ..÷..#.# #.$.≈#
#≈...'.
..##.#.#####...≈##
#≈...#.
..##.#.....##..≈≈##
#≈≈.[##.
..#...####.##...≈≈##
#§§...##.
..#.#.......##..@≈≈###
§§...##..
....#..#...####.@.≈§≈#
≈...##...
...###.###.##.##......:.
##....
.......#.......##.......
#.#.#.
....#......##...###.....
###...#. ..###.###..#
...# ##### #.#.....
..).#..#...# ### #.#
#...#... ....†..#...####
#.####..#.##
..(............
#.#<........
..........####
#######.####..#.##


You could see Sigmund.

Vanquished Creatures
  5 adders (D:2)
  A dart slug (D:1)
  An endoplasm (D:1)
  A giant cockroach (D:2)
  4 goblins
  4 hobgoblins (D:2)
  3 quokkas
  4 ball pythons (D:2)
  4 bats (D:1)
  2 frilled lizards
  3 kobolds (D:2)
  6 rats
38 creatures vanquished.

Notes
Turn   | Place    | Note
-------+----------+-------------------------------------------
     0 | D:1      | Hasart the Demigod Fighter began the quest for the Orb.
     0 | D:1      | Reached XP level 1. HP: 18/18 MP: 3/3
   256 | D:1      | Reached XP level 2. HP: 25/25 MP: 4/4
  1295 | D:2      | Reached XP level 3. HP: 27/30 MP: 5/5
  1442 | D:2      | Reached skill level 1 in Dodging
  1750 | D:2      | Reached XP level 4. HP: 37/38 MP: 6/6
  1938 | D:2      | Noticed Sigmund
  1951 | D:2      | Killed from afar by Sigmund

Illustrated notes

Levels and vault maps discovered:
D:1:      lightli_arrival_quake, layout_rooms, shapermc_ecumenical_altar_petra,
          glass_columns_b, minmay_statues_item, hangedman_decor_push
D:2:      layout_basic, chequers_serial_rivers_room_b, minmay_crystal_room,
          kennysheep_donut, minmay_pentomino_t4, uniq_sigmund

Skill      XL: |  1  2  3 |
---------------+----------+-----
Axes           | 2 |  2.7
Fighting       | 3 |  3.1
Armour         | 3 |  3.0
Dodging        | 1 |  1.0
Shields        | 3 |  3.0
Throwing       | |  0.9

Action                   |  1- 3 |  4- 6 || total
-------------------------+-------+-------++-------
Melee: War axe           |   108 |     5 ||   113
  Use: Potion            |       |     1 ||     1
Armor: Scale mail        |    68 |       ||    68
Dodge: Dodged            |    69 |     5 ||    74
Block: Buckler           |    35 |       ||    35
